 Dungeon Sprint DCSS version 0.21-a0-91-ga5031da (webtiles) character file.

448 Kidiri the Covert (level 6, -5/31 (32) HPs)
             Began as a Spriggan Enchanter on June 30, 2017.
             Slain by a merfolk siren
             ... wielding a +0 spear
              (17 damage)
             ... in the Dungeon (Sprint II: "The Violet Keep of Menkaure").
             The game lasted 00:02:27 (699 turns).

Kidiri the Covert (Spriggan Enchanter)               Turns: 699, Time: 00:02:28

HP:   -5/31 (32)    AC:  2    Str:  4    XL:     6   Next: 73%
MP:   7/17          EV: 25    Int: 17    God:
Gold: 729           SH:  0    Dex: 18    Spells: 8/20 levels left

rFire    . . .     SeeInvis +   a - +1 dagger
rCold    . . .     Gourm    .   (shield restricted)
rNeg     . . .     Faith    .   b - +0 robe
rPois    .         Spirit   .   (helmet restricted)
rElec    .         Reflect  .   (no cloak)
rCorr    .         Harm     .   (gloves unavailable)
MR       +....     NoTele   +   (boots unavailable)
Stlth    +++++.....             (no amulet)
HPRegen  0.10/turn              (no ring)
MPRegen  0.15/turn              (no ring)

@: very quick
A: unfitting armour, see invisible, herbivore 3, speed 3, slow metabolism 2
a: no special abilities


You were in the Dungeon.
You were not hungry.

You visited 1 branch You collected 729 gold pieces.

Inventory:

Hand Weapons
 a - a +1 dagger (weapon)
Armour
 b - a +0 robe (worn)
Scrolls
 j - a scroll of blinking
Potions
 e - a potion of curing
 f - a potion of heal wounds
 g - a potion of haste
 h - 2 potions of magic
Books
 c - a book of Maledictions

   Spells                             Type                      Level
   a - Corona                         Hexes                        1
   b - Ensorcelled Hibernation        Hexes/Ice                    2
   c - Confuse                        Hexes                        3
   d - Tukima's Dance                 Hexes                        3
   e - Dazzling Spray                 Conjuration/Hexes            3
Comestibles
 d - a bread ration


   Skills:
 + Level 3.3 Fighting
 * Level 6.8 Short Blades
 + Level 3.1 Armour
 * Level 9.3 Dodging
 * Level 10.4 Stealth
 * Level 7.9 Spellcasting
 + Level 6.3 Hexes


You had 8 spell levels left.
You knew the following spells:

 Your Spells              Type           Power        Failure   Level  Hunger
a - Corona                Hex            ####...      1%          1    None
b - Ensorcelled Hibernat  Hex/Ice        ###...       4%          2    None
c - Confuse               Hex            ####....     2%          3    #......
d - Tukima's Dance        Hex            ####....     2%          3    #......
e - Dazzling Spray        Conj/Hex       ###...       9%          3    #......


Dungeon Overview and Level Annotations

Branches:
Dungeon (1/1)

Altars:


Innate Abilities, Weirdness & Mutations

You are very small and have problems with some larger weapons.
You are too small for most types of armour.
You have supernaturally acute eyesight. (SInv)
You are a herbivore.
You cover ground extremely quickly.
You need consume almost no food.


Message History

Unknown command.
Casting: Ensorcelled Hibernation
Confirm with . or Enter, or press ? or * to list all spells.
Aiming: Dazzling Spray
Press: ? - help, Shift-Dir - straight line, f/p - merfolk siren
Aim: a merfolk siren, wielding a spear The spray of energy misses the merfolk siren.
The merfolk siren hits you with a spear!
Unknown command.
Casting: Dazzling Spray
Confirm with . or Enter, or press ? or * to list all spells.
Aiming: Dazzling Spray
Press: ? - help, Shift-Dir - straight line, f/p - merfolk siren
Aim: a merfolk siren, wielding a spear The spray of energy hits the merfolk siren.
The merfolk siren is lightly wounded.
The merfolk siren is dazzled.
The merfolk siren hits you with a spear!
Ouch! That really hurt!
You die...

#+# ###.###
#..#..#
####.#.####
#%###'###.##
###%##.##...#
+.##+.<.รท##.+
#.%.##.##...#
##.###@###.##
####.m.####
#..#..# ##.
.## ## ##


You could see a merfolk siren (blind).

Vanquished Creatures
  4 necrophages (D)
  4 worker ants (D)
  3 worms (D)
11 creatures vanquished.

Vanquished Creatures (others)
  A crocodile (D)
1 creature vanquished.

Grand Total: 12 creatures vanquished

Notes
Turn   | Place    | Note
-------+----------+-------------------------------------------
     0 | D        | Kidiri the Spriggan Enchanter began the quest for the Orb.
     0 | D        | Reached XP level 1. HP: 9/9 MP: 5/5
     1 | D        | Noticed a worker ant
     1 | D        | Noticed a worker ant
     1 | D        | Noticed a worker ant
     1 | D        | Noticed a worker ant
     5 | D        | Noticed a merfolk siren
    12 | D        | Killed a worker ant
    12 | D        | Reached skill level 1 in Fighting
    12 | D        | Reached skill level 5 in Stealth
    12 | D        | Reached XP level 2. HP: 14/14 MP: 5/7
    13 | D        | Reached skill level 1 in Armour
    13 | D        | Reached skill level 5 in Dodging
    13 | D        | Reached skill level 6 in Stealth
    13 | D        | Reached XP level 3. HP: 18/18 MP: 5/9
    17 | D        | Learned a level 2 spell: Ensorcelled Hibernation
    21 | D        | Learned a level 3 spell: Confuse
    25 | D        | Learned a level 3 spell: Tukima's Dance
    31 | D        | Reached XP level 4. HP: 15/22 MP: 2/11
    56 | D        | Killed a crocodile
   134 | D        | Learned a level 3 spell: Dazzling Spray
   365 | D        | Reached skill level 7 in Stealth
   365 | D        | Reached skill level 5 in Spellcasting
   404 | D        | Noticed a necrophage
   404 | D        | Noticed a necrophage
   404 | D        | Noticed a necrophage
   404 | D        | Noticed a necrophage
   418 | D        | Killed a necrophage
   418 | D        | Reached skill level 5 in Short Blades
   418 | D        | Reached skill level 8 in Stealth
   418 | D        | Reached skill level 5 in Hexes
   418 | D        | Reached XP level 5. HP: 22/26 MP: 4/14
   424 | D        | Killed a necrophage
   424 | D        | Reached skill level 9 in Stealth
   424 | D        | Reached XP level 6. HP: 13/31 MP: 4/16
   433 | D        | Reached skill level 10 in Stealth
   699 | D        | Slain by a merfolk siren

Vault maps used:
D:        the_violet_keep_of_menkaure

Skill      XL: |  1  2  3  4  5  6 |
---------------+-------------------+-----
Fighting       | 1 2 3 |  3.3
Short Blades   | 2 3 5 6 |  6.8
Dodging        | 4 5 7 8 9 |  9.3
Stealth        | 5 6 8 9 10 | 10.4
Spellcasting   | 3 4 6 7 |  7.9
Hexes          | 4 5 6 |  6.3
Armour         | 1 2 3 |  3.1

Action                   |  1- 3 |  4- 6 || total
-------------------------+-------+-------++-------
Melee: Dagger            |     3 |    41 ||    44
 Cast: Ensorcelled Hiber |     2 |     5 ||     7
       Confuse           |       |     4 ||     4
       Dazzling Spray    |       |     2 ||     2
  Use: Potion            |       |     1 ||     1
 Stab: Sleeping          |     3 |     2 ||     5
       Distracted        |       |     1 ||     1
       Confused          |       |     1 ||     1
Dodge: Dodged            |     1 |    22 ||    23
